 Dungeon Crawl Stone Soup version 0.19.5 (webtiles) character file.

157 JeffiDaFish the Skirmisher (level 5, 0/33 HPs)
             Began as a Gargoyle Fighter on Sept 22, 2017.
             Slain by a gnoll
             ... wielding a +0 halberd
              (1 damage)
             ... on level 3 of the Dungeon.
             The game lasted 00:06:24 (1837 turns).

JeffiDaFish the Skirmisher (Gargoyle Fighter)       Turns: 1837, Time: 00:06:26

Health: 0/33       AC: 14    Str: 20    XL:     5   Next: 38%
Magic:  5/5        EV: 13    Int:  8    God:
Gold:   101        SH: 10    Dex: 15    Spells: 0 memorised, 4 levels left

rFire  . . .     SeeInvis .     a - +0 war axe
rCold  . . .     Gourm    .     b - +0 scale mail
rNeg   + . .     Faith    .     c - +0 shield
rPois  ∞         Spirit   .     (no helmet)
rElec  +         Reflect  .     e - +2 cloak
rCorr  .         Harm     .     (no gloves)
MR     .....                    (no boots)
Stlth  +.........               k - amulet of rage
                                (no ring)
                                (no ring)

@: agile
A: negative energy resistance 1, electricity resistance, unbreathing,
petrification resistance, rot immunity, AC +4
a: Evoke Berserk Rage


You were on level 3 of the Dungeon.
You were not hungry.

You visited 1 branch of the dungeon, and saw 3 of its levels.

You collected 101 gold pieces.

Inventory:

Hand Weapons
 a - a +0 war axe (weapon)
Armour
 b - a +0 scale mail (worn)
 c - a +0 shield (worn)
 e - a +2 cloak (worn)
Jewellery
 k - an amulet of rage (around neck)
Scrolls
 j - 6 scrolls of identify
 m - 3 scrolls of remove curse
 n - a scroll of fear
Potions
 d - a potion of might
Comestibles
 f - 2 bread rations
 g - 2 fruits
 h - 5 chunks of flesh
 i - a meat ration


   Skills:
 * Level 4.1 Fighting
 * Level 2.7 Axes
 * Level 4.1 Armour
 + Level 1.2 Dodging
 * Level 4.1 Shields


You had 4 spell levels left.
You didn't know any spells.

Dungeon Overview and Level Annotations

Branches:
Dungeon (3/15)

Altars:
Hepliaklqana


Innate Abilities, Weirdness & Mutations

You are resistant to torment.
Your stone body is resilient. (AC +4)
You are immune to poison.
You resist negative energy. (rN+)
You are resistant to electric shocks. (rElec)
You can survive without breathing.
You are immune to petrification.
You are immune to rotting.


Message History

The gnoll hits you with a halberd! The gnoll hits you with a spear.
* * * LOW HITPOINT WARNING * * *
Items here: ( )) †† a club x2; a throwing net; a gnoll corpse x2
You hit the gnoll.
The gnoll is severely wounded.
You barely miss the gnoll. You block the gnoll's attack.
The gnoll hits you but does no damage.
You closely miss the gnoll.
The gnoll is severely wounded.
You hit the gnoll but do no damage. The gnoll hits you but does no damage.
You block the gnoll's attack. The gnoll hits you but does no damage.
The gnoll hits you with a halberd!
* * * LOW HITPOINT WARNING * * *
You feel agile all of a sudden. You block the gnoll's attack.
You hit the gnoll but do no damage.
The gnoll is severely wounded.
You hit the gnoll. The gnoll hits you with a halberd.
You die...

.......# ......##
.. ....... #..#
#..... # ....#
....###.##
.....##
#.........
.......#.#gg..#
........##@.#
..........#.###.
................#
####...#########
##.........#
#..######.#
######..######.#
#
............##.#
##
####...###.##.###
##.


You could see 2 gnolls.

Vanquished Creatures
  An orc priest (D:3)
  An orc wizard (D:3)
  2 gnolls (D:3)
  2 adders (D:2)
  2 worms
  A dart slug (D:1)
  A leopard gecko (D:3)
  7 orcs (D:3)
  A giant cockroach (D:2)
  4 goblins
  A hobgoblin (D:2)
  3 jackals (D:1)
  7 kobolds
  3 ball pythons (D:2)
  5 bats
  A frilled lizard (D:1)
  13 rats
55 creatures vanquished.

Notes
Turn   | Place    | Note
-------+----------+-------------------------------------------
     0 | D:1      | JeffiDaFish the Gargoyle Fighter began the quest for the Orb.
     0 | D:1      | Reached XP level 1. HP: 14/14 MP: 1/1
   212 | D:1      | Reached XP level 2. HP: 16/19 MP: 2/2
   814 | D:2      | Reached XP level 3. HP: 22/23 MP: 3/3
  1285 | D:2      | Reached XP level 4. HP: 29/29 MP: 4/4
  1310 | D:2      | Found a faded altar of an unknown god.
  1391 | D:2      | Found a hazy altar of Hepliaklqana.
  1690 | D:3      | Reached skill level 1 in Dodging
  1693 | D:3      | Reached XP level 5. HP: 27/33 MP: 5/5
  1835 | D:3      | HP: 1/33 [gnoll/halberd (7)]
  1837 | D:3      | Slain by a gnoll

Skill      XL: |  1  2  3  4 |
---------------+-------------+-----
Axes           | 2 |  2.7
Shields        | 4 |  4.1
Armour         | 4 |  4.1
Dodging        | 1 |  1.2
Fighting       | 4 |  4.1

Action                   |  1- 3 |  4- 6 || total
-------------------------+-------+-------++-------
Melee: War axe           |   165 |    83 ||   248
  Use: Scroll            |     8 |       ||     8
       Potion            |     1 |     5 ||     6
  Eat: Chunk             |     2 |     2 ||     4
Armor: Scale mail        |    81 |    52 ||   133
Dodge: Dodged            |    57 |    25 ||    82
Block: Shield            |    96 |    45 ||   141
